 Dungeon Crawl Stone Soup version 0.20.0-15-g7f486f2 (webtiles) character file.

1309 grindst0ne the Covert (level 8, 0/50 HPs)
             Began as an Octopode Assassin on June 11, 2017.
             Slain by a quokka (4 damage)
             ... on level 5 of the Dungeon.
             The game lasted 00:13:11 (7370 turns).

grindst0ne the Covert (Octopode Assassin)           Turns: 7370, Time: 00:13:11

Health: 0/50       AC:  1    Str: 10    XL:     8   Next: 58%
Magic:  8/8        EV: 13    Int: 13    God:
Gold:   302        SH:  0    Dex: 16    Spells: 7/7 levels left

rFire    x . .     SeeInvis .   a - +2 dagger
rCold    + . .     Gourm    .   (no shield)
rNeg     . . .     Faith    .   (helmet restricted)
rPois    .         Spirit   .   (no amulet)
rElec    .         Reflect  .   g - ring of ice
rCorr    .         Harm     .   (no ring)
MR       .....                  (no ring)
Stlth    +++.......             (no ring)
Regen    0.2/turn               (no ring)
MPRegen  0.2/turn               (no ring)
                                (no ring)
                                (no ring)

@: confused
A: almost no armour, stealthy swim, amphibious, 8 rings, constrict 8, camouflage
1, gelatinous body 1
a: no special abilities


You were on level 5 of the Dungeon.
You were not hungry.

You visited 1 branch of the dungeon, and saw 5 of its levels.

You collected 302 gold pieces.

Inventory:

Hand Weapons
 a - a +2 dagger (weapon)
 b - a +0 blowgun
Missiles
 c - 39 poisoned needles
 d - 2 curare-tipped needles
Armour
 w - a +1 shield
Jewellery
 g - a ring of ice (left tentacle)
Wands
 o - a wand of random effects (33/48)
 r - a wand of confusion (31/48)
Scrolls
 e - a scroll of teleportation
 i - a scroll of enchant weapon {unknown}
 j - 3 scrolls of remove curse {unknown}
 k - 5 scrolls of identify {unknown}
 m - a scroll of fog {unknown}
 y - a scroll of recharging {unknown}
Potions
 h - a potion of flight {unknown}
 l - 3 potions of brilliance
 p - a potion of might {unknown}
Comestibles
 f - 2 bread rations
 n - 9 chunks of flesh
 t - a meat ration


   Skills:
 - Level 2.0 Fighting
 + Level 6.1 Short Blades
 + Level 6.1 Throwing
 - Level 1.0 Dodging
 + Level 9.8 Stealth


You had 7 spell levels left.
You didn't know any spells.

Dungeon Overview and Level Annotations

Branches:
Dungeon (5/15)
 Temple: D:4-7

Altars:
Ru

Annotations:
D:3 exclusion: downstairs
D:4 exclusion: downstairs


Innate Abilities, Weirdness & Mutations

You cannot wear most types of armour.
You are very stealthy in the water. (Stealth+)
You are amphibious.
You can wear up to eight rings at the same time.
You can use your tentacles to constrict eight enemies at once.
Your skin changes colour to match your surroundings (Stealth+).
Your rubbery body absorbs attacks. (AC +1, EV +1)


Message History

The orc wizard is severely wounded.
You constrict the orc wizard. The orc hits you with a short sword.
The orc wizard casts a spell at you.
You are confused.
You miss the orc. You constrict the orc wizard. The quokka bites you.
The orc closely misses you.
You release your grip on the orc wizard.
The quokka bites you. The orc barely misses you.
The quokka completely misses you. The quokka misses you.
You bump into the rock wall.
The orc wizard misses you. The quokka bites you.
* * * LOW HITPOINT WARNING * * *
You hit the orc wizard but do no damage.
The orc wizard is severely wounded.
The orc wizard points at you and mumbles some strange words.
The magic dart hits you!
* * * LOW HITPOINT WARNING * * *
The orc hits you with a short sword.
* * * LOW HITPOINT WARNING * * *
The quokka bites you.
You die...

#...#......# #.#####
##'##.####.###...รท.#
########)##.......[..###.#
#........#....##.#######.#
#........#....##.# #...)..
#........#....##.# #......
#........#.......###.....)
#.......o##...####<.......
........o@....# #.........
.#.###.#r##..## #.....####
#. #.......# #.....#
#.#.##..# #.....#
.....##.... ...####
###...##.... s...
#.#.##.#####... #.#.# ..


You could see an orc wizard, an orc and a quokka.

Vanquished Creatures
  Pikel (D:4)
  A slave (D:4)
  2 phantoms (D:4)
  2 ogres (D:4)
  A scorpion (D:4)
  2 hounds (D:4)
  An orc priest (D:3)
  A bullfrog skeleton (D:4)
  An iguana (D:5)
  A worker ant (D:4)
  A hound zombie (D:5)
  2 gnolls (D:4)
  3 adders
  An adder skeleton (D:5)
  4 worms
  2 dart slugs
  4 leopard geckos
  18 orcs
  9 giant cockroaches
  5 goblins
  5 hobgoblins
  14 jackals
  3 quokkas
  3 ball pythons
  13 bats
  8 frilled lizards
  7 kobolds
  3 quokka skeletons
  16 rats
134 creatures vanquished.

Vanquished Creatures (others)
  2 slaves (D:5)
  A centaur (D:5)
  An iguana (D:5)
  A worker ant (D:5)
  A gnoll (D:5)
  An adder (D:5)
7 creatures vanquished.

Grand Total: 141 creatures vanquished

Notes
Turn   | Place    | Note
-------+----------+-------------------------------------------
     0 | D:1      | grindst0ne the Octopode Assassin began the quest for the Orb.
     0 | D:1      | Reached XP level 1. HP: 14/14 MP: 1/1
   435 | D:1      | Reached XP level 2. HP: 19/19 MP: 2/2
   926 | D:1      | Reached XP level 3. HP: 24/24 MP: 3/3
  1429 | D:2      | Reached skill level 6 in Stealth
  2119 | D:2      | Reached XP level 4. HP: 29/29 MP: 4/4
  3376 | D:3      | Reached XP level 5. HP: 34/34 MP: 5/5
  3443 | D:4      | Noticed a phantom
  3936 | D:4      | Reached skill level 7 in Stealth
  4119 | D:4      | Reached XP level 6. HP: 34/39 MP: 6/6
  4360 | D:4      | Reached XP level 7. HP: 29/45 MP: 7/7
  4700 | D:4      | Found a sacrificial altar of Ru.
  5074 | D:4      | Reached skill level 8 in Stealth
  5248 | D:4      | Reached skill level 5 in Short Blades
  5248 | D:4      | Reached skill level 5 in Throwing
  5764 | D:5      | Entered Level 5 of the Dungeon
  5815 | D:5      | Noticed Pikel
  6596 | D:4      | Killed Pikel
  6596 | D:4      | Reached skill level 9 in Stealth
  6596 | D:4      | Reached XP level 8. HP: 18/50 MP: 8/8
  6824 | D:5      | HP: 2/50 [gnoll/spear (4)]
  7370 | D:5      | Slain by a quokka

Skill      XL: |  1  2  3  4  5  6  7  8 |
---------------+-------------------------+-----
Stealth        | 6 7 9 |  9.8
Short Blades   | 3 4 5 6 |  6.1
Throwing       | 3 4 5 6 |  6.1
Fighting       | |  2.0
Dodging        | |  1.0

Action                   |  1- 3 |  4- 6 |  7- 9 || total
-------------------------+-------+-------+-------++-------
Melee: Dagger            |    96 |   108 |   163 ||   367
       Constrict         |    27 |    25 |    24 ||    76
       Tentacles         |    20 |    20 |    36 ||    76
 Fire: Blowgun           |       |    13 |     2 ||    15
  Use: Potion            |       |       |     7 ||     7
       Scroll            |       |       |     6 ||     6
 Stab: Sleeping          |    13 |    19 |     2 ||    34
       Distracted        |     1 |       |     1 ||     2
  Eat: Chunk             |     4 |     7 |     5 ||    16
       Bread ration      |       |       |     1 ||     1
Armor: Skin              |     9 |    14 |    16 ||    39
Dodge: Dodged            |    50 |    66 |    77 ||   193
